 Dungeon Crawl Stone Soup version 0.30-b1-2-g02819fbbbe (webtiles) character file.

Game seed: 12719516235448260159

7242 raph the Severer (level 11, -2/92 HPs)
             Began as a Hill Orc Fighter on Dec 25, 2023.
             Was a Believer of Beogh.
             Slain by a centaur warrior
             ... wielding the +8 demon trident "Rift" {distort, reach+}
              (7 damage)
             ... on level 8 of the Dungeon.
             The game lasted 00:17:21 (12365 turns).

raph the Severer (Hill Orc Fighter)                Turns: 12365, Time: 00:17:21

Health: -2/92      AC: 14    Str: 26    XL:     11   Next: 12%
Magic:  11/11      EV: 11    Int:  8    God:    Beogh [**....]
Gold:   448        SH:  5    Dex: 14    Spells: 10/10 levels left

rFire   . . .        b - +0 broad axe
rCold   . . .        c - +0 buckler
rNeg    . . .        E - +0 scale mail
rPois   .            F - +1 helmet
rElec   .            r - +1 cloak
rCorr   .            i - +1 pair of gloves
SInv    .            (no boots)
Will    +....        (no amulet) Stlth
                     u - +6 ring of strength
HPRegen 0.35/turn    y - ring of willpower
MPRegen 0.12/turn

%: no passive effects
@: invisible
A: no striking features
a: Renounce Religion, Smiting


You were on level 8 of the Dungeon.
You worshipped Beogh.
Beogh was pleased with you.
You visited 1 branch of the dungeon, and saw 10 of its levels.
You also visited: Sewer and Ossuary.

You collected 508 gold pieces.
You spent 60 gold pieces at shops.

Inventory:

Hand Weapons
 a - a +1 vampiric war axe
 b - a +0 broad axe (weapon)
 m - a +0 war axe
 A - a +0 war axe of holy wrath
Missiles
 f - 30 poisoned darts
 s - 2 boomerangs (quivered)
 L - a curare-tipped dart
Armour
 c - a +0 buckler (worn)
 i - a +1 pair of gloves (worn)
 r - a +1 cloak (worn)
 E - a +0 scale mail (worn)
 F - a +1 helmet (worn)
Jewellery
 t - a ring of magical power
 u - a +6 ring of strength (left hand)
 x - a ring of protection from fire
 y - a ring of willpower (right hand)
Wands
 G - a wand of paralysis (11)
 I - a wand of light (8)
 J - a wand of flame (23)
 M - a wand of digging (6)
 O - a wand of polymorph (6)
Scrolls
 h - 2 scrolls of teleportation
 p - a scroll of amnesia
 z - 2 scrolls of silence
 H - a scroll of identify
 K - a scroll of fear
Potions
 d - a potion of might
 e - 4 potions of mutation
 g - 5 potions of haste
 j - 7 potions of curing
 k - 6 potions of brilliance
 l - a potion of berserk rage
 n - 3 potions of cancellation
 o - 3 potions of attraction
 q - 3 potions of resistance
 v - a potion of magic
 w - 4 potions of lignification
 D - 2 potions of flight
Miscellaneous
 C - a box of beasts


   Skills:
 + Level 7.2 Fighting
 * Level 16.4 Axes
 + Level 4.6 Throwing
 + Level 6.7 Armour
 + Level 4.1 Dodging
 - Level 4.1 Shields
 + Level 1.3 Evocations


You had 10 spell levels left.
You didn't know any spells.
Your spell library contained the following spells:

 Spells                   Type           Power      Damage    Failure   Level
 Apportation              Tloc           0%         N/A       73%         1
 Necrotise                Necr           0%         1d4       73%         1
 Summon Small Mammal      Summ           0%         N/A       73%         1
 Blink                    Tloc           0%         N/A       86%         2
 Lesser Beckoning         Tloc           0%         N/A       86%         2
 Momentum Strike          Conj/Tloc      0%         3d8       86%         2
 Call Canine Familiar     Summ           0%         N/A       97%         3
 Portal Projectile        Hex/Tloc       0%         N/A       97%         3
 Leda's Liquefaction      Hex/Erth       0%         N/A       100%        4


Dungeon Overview and Level Annotations

Branches:
Dungeon (10/15)            Temple (0/1) D:6            Lair (0/5) D:10
  Sewer (visited)         Ossuary (visited)
    Orc: D:9-12

Altars:
Ashenzari
Dithmenos
Elyvilon
Okawaru
Sif Muna
Wu Jian

Shops:
D:5 (


Message History

The centaur warrior wields the +8 demon trident "Rift" {distort, reach+}.
Its appearance distorts for a moment.
The centaur warrior hits you with the +8 demon trident "Rift" {distort, reach+}.
Space warps around you. The centaur warrior kicks you.
You barely miss the centaur warrior.
The centaur warrior is moderately wounded.
The centaur warrior is no longer blind.
The centaur warrior closely misses you. x2
The centaur warrior hits you but does no damage.
You blink.
Aiming: Bolt of Light
Press: ? - help, Shift-Dir - straight line, f/p - centaur warrior
Aim: a centaur warrior, wielding the +8 demon trident "Rift" {distort, reach+}, wearing a +1 robe of cold resistance and quivering stones (moderately wounded, 79% to hit)
The bolt of light misses the centaur warrior.
The centaur warrior unwields the +8 demon trident "Rift" {distort, reach+}.
Its appearance distorts for a moment.
The centaur warrior wields a +0 longbow.
The centaur warrior shoots an arrow.
The arrow hits you.
Aiming: Bolt of Light
Press: ? - help, Shift-Dir - straight line, f/p - centaur warrior
Aim: a centaur warrior, wielding a +0 longbow, wearing a +1 robe of cold resistance and quivering stones (moderately wounded, 79% to hit)
The bolt of light hits the centaur warrior!
The centaur warrior is heavily wounded.
The centaur warrior is blinded.
The centaur warrior shoots an arrow.
The arrow hits you!
* * * LOW HITPOINT WARNING * * *
The centaur warrior shoots an arrow.
The arrow misses you.
The centaur warrior shoots an arrow.
The arrow hits you.
* * * LOW HITPOINT WARNING * * *
Things that are here:
+0 steam dragon scales; a steam dragon skeleton You fade into invisibility!
You completely miss the centaur warrior.
The centaur warrior is heavily wounded.
The centaur warrior unwields a +0 longbow.
The centaur warrior wields the +8 demon trident "Rift" {distort, reach+}.
Its appearance distorts for a moment.
The centaur warrior hits you with the +8 demon trident "Rift" {distort, reach+}!
* * * LOW HITPOINT WARNING * * *
Space warps horribly around you!
You die...

.....)##..#####..##..............
..#####..####..#.##.....####.....
##.....######'##.##..............
####..###..#...#.##..............
.######..#.#...#.##...[..........
#.#.##.###.##'##.##..............
.#.#..## ##...##.##..............
#.#.###. #######.##..............
.#####.!##.### #@##........#.....
## #....#.####c#...##..#...... #
###..#...##[#...##.........
#..c...#...##..............
###..#)c.####.##....#......
#....#.### #.##.........))
#.##[### #...#...>#...[. #. ###
#...#..#+#..... ## #
#...#..........


You could see a centaur warrior (unable to see you).

Vanquished Creatures
  A two-headed ogre (D:10)
  Pikel (D:8)
  A troll (D:8)
  A hornet (D:7)
  Sigmund (D:6)
  A slime creature (D:8)
  4 steam dragons
  Edmund (D:4)
  An acid dragon (D:8)
  3 water moccasins
  4 ice beasts
  An orc warrior (D:8)
  4 sky beasts
  A black bear (D:7)
  3 ogres
  2 centaurs
  A lemure (D:8)
  4 phantoms
  2 kobold brigands
  7 bullfrogs
  10 scorpions
  A gnoll sergeant (D:7)
  A wight (D:8)
  3 killer bees (D:8)
  2 howler monkeys
  4 centaur zombies (Ossuary)
  3 jellies
  3 human zombies (Ossuary)
  2 hounds
  A gnoll bouda (D:7)
  2 orc priests
  3 iguanas (D:5)
  8 orc wizards
  A sleepcap (D:8)
  A scorpion zombie (Ossuary)
  4 mummies
  8 gnolls (D:7)
  13 adders
  4 river rats (D:5)
  3 shadow imps
  2 white imps
  3 worms
  3 dart slugs
  25 orcs
  11 endoplasms
  13 giant cockroaches
  A gnoll zombie (Ossuary)
  12 goblins
  8 hobgoblins
  4 jackals (D:2)
  13 quokkas
  14 ball pythons
  9 bats
  11 frilled lizards
  3 hobgoblin zombies
  10 kobolds
  2 kobold zombies
  5 orc zombies (Ossuary)
  4 rats
274 creatures vanquished.

Vanquished Creatures (others)
  A bullfrog (D:7)
  A plant (D:6)
2 creatures vanquished.

Grand Total: 276 creatures vanquished

Notes
Turn   | Place    | Note
-------+----------+-------------------------------------------
     0 | D:1      | raph the Hill Orc Fighter began the quest for the Orb.
     0 | D:1      | Reached XP level 1. HP: 19/19 MP: 1/1
    81 | D:1      | Reached skill level 3 in Axes
   172 | D:1      | Reached XP level 2. HP: 12/26 MP: 2/2
   180 | D:1      | HP: 1/26 [poisoned by a goblin]
   621 | D:1      | Reached skill level 4 in Axes
  1061 | D:2      | Reached XP level 3. HP: 24/31 MP: 3/3
  1125 | D:2      | Reached skill level 5 in Axes
  1411 | D:2      | Reached XP level 4. HP: 24/39 MP: 4/4
  2150 | D:3      | Reached skill level 6 in Axes
  2599 | D:3      | Reached XP level 5. HP: 45/45 MP: 5/5
  2605 | D:3      | Reached skill level 7 in Axes
  3040 | D:4      | Noticed Edmund
  3188 | D:4      | Found a sand-covered staircase.
  3237 | Ossuary  | Entered an ossuary
  3250 | Ossuary  | Reached skill level 8 in Axes
  3250 | Ossuary  | Reached XP level 6. HP: 41/51 MP: 6/6
  3328 | Ossuary  | Reached skill level 9 in Axes
  3335 | Ossuary  | Reached XP level 7. HP: 42/57 MP: 7/7
  3411 | Ossuary  | Reached skill level 10 in Axes
  3655 | Ossuary  | Reached skill level 11 in Axes
  3666 | Ossuary  | Reached XP level 8. HP: 18/64 MP: 8/8
  3889 | Ossuary  | Reached skill level 12 in Axes
  4474 | D:4      | Killed Edmund
  4475 | D:4      | Reached skill level 13 in Axes
  4943 | D:5      | Entered Level 5 of the Dungeon
  5233 | D:5      | Found a glowing drain.
  5239 | Sewer    | Entered a sewer
  6800 | Sewer    | Reached XP level 9. HP: 71/71 MP: 9/9
  6967 | D:5      | Found Urufruenk's Weapon Shoppe.
  6970 | D:5      | Bought a +0 broad axe for 60 gold pieces
  7018 | D:5      | Found a broken altar of Ashenzari.
  7028 | D:5      | Became a worshipper of Beogh the Brigand
  7058 | D:5      | Reached skill level 14 in Axes
  7058 | D:5      | Reached skill level 1 in Throwing
  7341 | D:5      | Reached skill level 1 in Dodging
  7361 | D:5      | Found a faded altar of an unknown god.
  7361 | D:5      | Found an ornate altar of the Wu Jian Council.
  7371 | D:5      | Found a shimmering blue altar of Sif Muna.
  7373 | D:5      | Found a faded altar of an unknown god.
  7375 | D:5      | Found a white marble altar of Elyvilon.
  7966 | D:5      | Found an iron altar of Okawaru.
  8343 | D:6      | Reached * piety under Beogh
  8508 | D:6      | Found a staircase to the Ecumenical Temple.
  8563 | D:6      | Reached skill level 5 in Fighting
  8647 | D:6      | Noticed Sigmund
  8650 | D:6      | Killed Sigmund
  8660 | D:6      | Identified the +4 whip "Geist" {heavy, rN+ Int+6}
  9104 | D:7      | Noticed a hornet
  9112 | D:7      | Killed a hornet
  9113 | D:7      | Reached skill level 5 in Armour
  9333 | D:7      | Reached skill level 15 in Axes
  9333 | D:7      | Reached XP level 10. HP: 25/81 MP: 10/10
  9333 | D:7      | HP: 1/121 [steam dragon/ball of steam (24)]
  9359 | D:7      | You fall into a shaft and drop 3 floors!
  9359 | D:10     | Entered Level 10 of the Dungeon
  9579 | D:10     | Noticed a two-headed ogre
  9599 | D:10     | Killed a two-headed ogre
 10874 | D:8      | Found a runed translucent door.
 10874 | D:8      | Found a runed translucent door.
 10958 | D:8      | Noticed Pikel
 10972 | D:8      | Killed Pikel
 10973 | D:8      | Reached skill level 16 in Axes
 11404 | D:7      | Reached ** piety under Beogh
 11609 | D:7      | Found a shadowy altar of Dithmenos.
 11904 | D:8      | Reached XP level 11. HP: 85/92 MP: 11/11
 11908 | D:8      | Reached skill level 1 in Evocations
 12191 | D:8      | Noticed a boulder beetle
 12344 | D:8      | Noticed a centaur warrior
 12365 | D:8      | Slain by a centaur warrior

Illustrated notes

Levels and vault maps discovered:
D:1:      dpeg_arrival_oval, layout_basic
D:2:      layout_rooms, minivault_23
D:3:      kennysheep_the_goblin_king, layout_basic, corexii_leaking_fountain
D:4:      layout_basic, nicolae_ossuary_entry_giza, grunt_decor_arrowhead,
          minmay_misc_feat_nine_boxes, uniq_edmund
D:5:      layout_basic, chequers_temple_overflow_minitemple,
          mainiacjoe_overflow_small_starburst, kennysheep_okawaru_gauntlet,
          portal_sewer_entry_e, serial_shops, shop_statue
D:6:      layout_basic, minmay_temple_entry_gardened_gates, uniq_sigmund
D:7:      layout_basic, overflow_temple_1_default, minmay_misc_feat_ornament
D:8:      minmay_the_grid_triangle_9x9_rhombus_full
          [minmay_the_grid_triangle_9x9_odd_lines,
          minmay_the_grid_triangle_9x9_tough_junction,
          minmay_the_grid_triangle_9x9_skeleton,
          minmay_the_grid_triangle_9x9_wacky_v,
          minmay_the_grid_triangle_9x9_checkered,
          minmay_the_grid_triangle_9x9_windchime,
          minmay_the_grid_triangle_9x9_alien,
          minmay_the_grid_triangle_9x9_prize_center], layout_basic, uniq_pikel
D:9:      corexii_shack_village, layout_rooms, orc_david_3, serial_curves,
          eino_curves_04, eino_curves_01, minmay_fountain_box,
          minmay_alternating_orb
D:10:     layout_loops_ring, marbit_many_paths, lair_entry_dummy, serial_shops,
          shop

Skill      XL: |  1  2  3  4  5  6  7  8  9 10 11 |
---------------+----------------------------------+-----
Axes           | 3 4 5 6 8 9 11 13 15 16 | 16.4
Fighting       | 4 5 7 |  7.2
Throwing       | 3 4 |  4.6
Dodging        | 2 3 4 |  4.1
Armour         | 5 6 |  6.7
Shields        | 4 |  4.1
Evocations     | 1 |  1.3

Action                     |  1- 3 |  4- 6 |  7- 9 | 10-12 || total
---------------------------+-------+-------+-------+-------++-------
  Melee: War axe           |   127 |   143 |   254 |       ||   524
         Broad axe         |       |       |   118 |   187 ||   305
  Throw: Boomerang         |       |     1 |    43 |    12 ||    56
         Dart              |       |     1 |     4 |     6 ||    11
 Invoke: Convert to Beogh  |       |       |     1 |       ||     1
  Evoke: Wand              |       |       |     1 |     5 ||     6
    Use: Scroll            |       |    13 |    11 |     6 ||    30
         Potion            |       |       |     1 |     3 ||     4
   Stab: Invisible         |       |       |     3 |     1 ||     4
 Armour: Scale mail        |    62 |    89 |   170 |    82 ||   403
  Dodge: Dodged            |    65 |    56 |   149 |    75 ||   345
  Block: Buckler           |    34 |    25 |    71 |    39 ||   169
